 Dungeon Crawl Stone Soup version 0.28-a0-1510-gd0f6b136d3 (webtiles) character file.

Game seed: 14272544689530521254

88 comborobin the Sneak (level 4, -1/29 HPs)
             Began as a Deep Elf Delver on Jan 15, 2022.
             Splashed by a jelly's acid (7 damage)
             ... on level 6 of the Dungeon.
             The game lasted 00:01:43 (720 turns).

comborobin the Sneak (Deep Elf Delver)               Turns: 720, Time: 00:01:43

Health: -1/29      AC: -5    Str:  9    XL:     4   Next: 29%
Magic:  6/6        EV: 12    Int: 17    God:
Gold:   40         SH:  0    Dex: 16    Spells: 3/3 levels left

rFire   . . .      SeeInvis .   a - +0 short sword
rCold   . . .      Faith    .   (no shield)
rNeg    . . .      Spirit   .   b - +0 leather armour
rPois   .          Reflect  .   (no helmet)
rElec   .          Harm     .   (no cloak)
rCorr   .          Rampage  .   (no gloves)
Will    .....                   (no boots)
Stlth   +++.......              (no amulet)
HPRegen 0.09/turn               (no ring)
MPRegen 0.10/turn               (no ring)

@: corroded
A: no striking features
a: no special abilities


You were on level 6 of the Dungeon.
You visited 1 branch of the dungeon, and saw 2 of its levels.

You collected 40 gold pieces.

Inventory:

Hand Weapons
 a - a +0 short sword (weapon)
Armour
 b - a +0 leather armour (worn)
Wands
 d - a wand of mindburst (3)
 g - a wand of digging (3)
Scrolls
 c - 2 scrolls of fog
 e - a scroll of fear


   Skills:
 + Level 4.2 Fighting
 - Level 2.0 Short Blades
 - Level 2.4 Dodging
 - Level 6.0 Stealth


You had 3 spell levels left.
You didn't know any spells.
Your spell library was empty.

Dungeon Overview and Level Annotations

Branches:
Dungeon (6/15)
 Temple: D:4-7

Altars:

Shops:
D:6 :

Annotations:
D:5 exclusions: howler monkey and zombie, Menkaure
D:6 exclusion: skeleton


Message History

Done waiting.
Found 10 gold pieces.
Nothing quivered!
Nothing quivered!
You now have 30 gold pieces (gained 14).
You now have 40 gold pieces (gained 10).
c - 2 scrolls of fog (gained 1)
A jelly comes into view.
The jelly quivers.
A jelly is nearby!
A jelly is nearby!
Aiming: Mindburst
Press: ? - help, Shift-Dir - straight line, f - you That would be overly suicidal.
Okay, then.
Unknown command.
Unknown command.
You aren't carrying any potions.
Unknown command.
You hit the jelly.
Your hands burn!
The jelly is lightly wounded.
The jelly closely misses you.
You hit the jelly but do no damage.
Your hands burn!
The jelly is lightly wounded.
The jelly barely misses you.
You hit the jelly.
Your hands burn!
The jelly is moderately wounded.
The jelly hits you but does no damage.
You hit the jelly. The acid corrodes you!
Your hands burn!
The jelly is moderately wounded.
The jelly hits you.
You are splashed with acid!
You hit the jelly.
Your hands burn!
The jelly is heavily wounded.
The jelly misses you.
You hit the jelly but do no damage. The acid corrodes you!
Your hands burn!
The jelly is heavily wounded.
The jelly hits you.
* * * LOW HITPOINT WARNING * * *
You are splashed with acid!
You die...

.# ####.# #....# ####
#....# #... #....######...
##### #.............
......#######...#### #...
........J@.........# #...
......######.....#.####...
##... ####.....#.##.....
#.. #........#.##..... #.
#................. #
#.................
#.................
#...............##
#.....####.##...#


You could see a jelly.

Vanquished Creatures
  A black bear (D:6)
  A kobold (D:6)
2 creatures vanquished.

Notes
Turn   | Place    | Note
-------+----------+-------------------------------------------
     0 | D:5      | comborobin the Deep Elf Delver began the quest for the Orb.
     0 | D:5      | Reached XP level 1. HP: 13/13 MP: 3/3
    14 | D:5      | Noticed a howler monkey
    35 | D:5      | Noticed Menkaure
    91 | D:6      | Found Ufodghi's Book Shoppe.
   309 | D:5      | Noticed a phantom
   575 | D:6      | Noticed a black bear
   579 | D:6      | Killed a black bear
   580 | D:6      | Reached XP level 2. HP: 20/20 MP: 4/4
   580 | D:6      | Reached XP level 3. HP: 24/24 MP: 5/5
   580 | D:6      | Reached XP level 4. HP: 29/29 MP: 6/6
   720 | D:6      | Splashed by a jelly's acid

Illustrated notes

Levels and vault maps discovered:
D:5:      layout_gridville, nicolae_tso_carved_into_rock, serial_shops, shop,
          uniq_menkaure
D:6:      layout_basic, serial_shops, shop, uniq_pikel

Skill      XL: |  1 |
---------------+----+-----
Fighting       | 4 |  4.2
Short Blades   | |  2.0
Dodging        | |  2.4
Stealth        | |  6.0

Action                   |  1- 3 |  4- 6 || total
-------------------------+-------+-------++-------
Melee: Short sword       |     6 |     6 ||    12
Evoke: Wand              |    12 |       ||    12
  Use: Scroll            |     1 |       ||     1
       Potion            |     1 |       ||     1
Armor: Leather armour    |     2 |     1 ||     3
Dodge: Dodged            |     7 |     3 ||    10

Table legend: (Time is in decaauts)
 A = Elapsed time spent in this place.
 B = Non-inter-level travel time spent in this place.
 C = Inter-level travel time spent in this place.
 D = Time resting spent in this place.
 E = Time spent auto-exploring this place.
 F = Levels seen in this place.
 G = Mean time per level.
                   A        B        C        D        E       F      G
               +--------+--------+--------+--------+--------+-----+--------+
         Total |    704 |    688 |     16 |    472 |     73 |   2 |  352.0 |
       Dungeon |    704 |    688 |     16 |    472 |     73 |   2 |  352.0 |
               +--------+--------+--------+--------+--------+-----+--------+

Top non-repeatable levels by time:
     D:6: 620 daAuts
     D:5: 84 daAuts
